 Dungeon Crawl Stone Soup version 0.31.0-12-g77e489cdc1 (webtiles) character file.

Game seed: 2294189681211166207

7856 Goblin1989 the Fighter (level 11, -16/89 HPs)
             Began as a Demonspawn Delver on Feb 17, 2024.
             Was a Believer of Cheibriados.
             Demolished by a red ugly thing (17 damage)
             ... on level 9 of the Dungeon.
             The game lasted 00:25:34 (8672 turns).

Goblin1989 the Fighter (Demonspawn Delver)          Turns: 8672, Time: 00:25:36

Health: -16/89     AC: 12    Str: 22    XL:     11   Next: 2%
Magic:  11/14      EV: 13    Int: 16    God:    Cheibriados [**....]
Gold:   370        SH:  0    Dex: 19    Spells: 10/10 levels left

rFire   . .          .
                       - Unarmed
rCold   . . .        (no shield)
rNeg    . . .        y - +1 chain mail {rPois}
rPois   +            (helmet unavailable)
rElec   .            (no cloak)
rCorr   .            (no gloves)
SInv    .            i - +0 pair of boots
Will    .....        (no amulet) Stlth
                     (no ring)
HPRegen 0.34/turn    (no ring)
MPRegen 0.14/turn

%: no passive effects
@: very slow
A: claws 1, horns 3, icemail 1, powered by death 2, condensation shield
a: Renounce Religion, Bend Time


You were on level 9 of the Dungeon.
You worshipped Cheibriados.
Cheibriados was pleased with you.
You visited 2 branches of the dungeon, and saw 10 of its levels.
You also visited: Ossuary.

You collected 518 gold pieces.
You spent 148 gold pieces at shops.

Inventory:

Hand Weapons
 a - a +0 mace
Missiles
 p - 11 curare-tipped darts (quivered)
 P - 3 javelins {@Q3}
Armour
 i - a +0 pair of boots (worn)
 y - a +1 chain mail of poison resistance (worn)
Jewellery
 C - an amulet of faith {!P}
Wands
 g - a wand of digging (2) {@v3}
 v - a wand of charming (10)
 A - a wand of light (18)
 F - a wand of polymorph (9)
Scrolls
 c - 3 scrolls of fog
 d - 2 scrolls of revelation
 e - 4 scrolls of fear
 k - 2 scrolls of amnesia {unknown}
 n - 9 scrolls of identify {unknown}
 o - 6 scrolls of teleportation {unknown}
 s - a scroll of butterflies {unknown}
 t - 2 scrolls of enchant weapon {unknown}
 u - 2 scrolls of blinking {unknown}
 w - 3 scrolls of noise {unknown}
 z - a scroll of acquirement {unknown}
 B - a scroll of poison {unknown}
 E - 2 scrolls of enchant armour {unknown}
 M - a scroll of immolation {unknown}
Potions
 f - 3 potions of haste {@q3,}
 r - 2 potions of brilliance
 x - 4 potions of curing {@q1}
 G - a potion of ambrosia {unknown}
 I - 2 potions of invisibility {unknown}
 J - a potion of resistance {unknown}
 K - a potion of enlightenment {unknown}
 L - 2 potions of mutation {unknown}
 N - a potion of might {unknown}
 O - 3 potions of attraction {unknown}


   Skills:
 + Level 9.6 Fighting
 - Level 2.5 Maces & Flails
 - Level 5.0 Armour
 + Level 8.5 Dodging
 - Level 4.5 Stealth
 * Level 7.9 Unarmed Combat
 + Level 5.2 Invocations


You had 10 spell levels left.
You didn't know any spells.
Your spell library contained the following spells:

 Spells                   Type           Power      Damage    Failure   Level
 Hailstorm                Conj/Ice       0%         3d5       99%         3
 Summon Ice Beast         Ice/Summ       0%         N/A       99%         3
 Sculpt Simulacrum        Ice/Alch       0%         N/A       100%        6


Dungeon Overview and Level Annotations

Branches:
Dungeon (9/15) Zot: 39726  Temple (1/1) D:7 Zot: 8899    Lair (0/5) D:8
Ossuary (visited)
    Orc: D:9-12

Altars:
Ashenzari
Cheibriados
Dithmenos
Fedhas
Gozag
Hepliaklqana
Kikubaaqudgha
Makhleb
Nemelex Xobeh
Okawaru
Qazlal
Ru
Sif Muna
Trog
Uskayaw
Vehumet
Wu Jian
Xom
Yredelemnul

Shops:
D:1 (   D:4 [

Annotations:
D:4 3 runed translucent doors, 7tar4e's ghost, amateur OpFi
D:6 exclusion: statue
D:9 2 transporters, Phaedo's ghost, novice DjFE


Innate Abilities, Weirdness & Mutations

You have sharp fingernails.
You have a pair of large horns on your head.
A meltable icy envelope protects you from harm. (AC +0)
You regenerate health from kills.
A meltable shield of frost defends you. (SH +0)


Message History

You take 1 damage, and have 73/89 hp.
You mangle the killer bee!!
You kill the killer bee!
Cheibriados thoroughly appreciates the change of pace.
No target in view!
You regained 4 hp, and now have 77/89 hp.
No target in view!
No target in view!
No target in view!
No target in view!
No target in view!
No target in view!
No target in view!
No target in view!
No target in view!
No target in view!
No target in view!
No target in view!
No target in view!
No target in view!
No target in view!
No target in view!
No target in view!
No target in view!
No target in view!
No target in view!
Unknown command.
HP restored.
Things that are here:
a +0 dagger; 6 poisoned darts; Health restored: 89 A boulder beetle comes into view.
The boulder beetle moves out of view.
A red ugly thing comes into view.
A red ugly thing is nearby!
The red ugly thing gurgles horribly!
You hear a shout! x4
The red ugly thing gores you but does no damage.
You claw the red ugly thing!
The red ugly thing is lightly wounded.
An orc wizard comes into view. It is wielding a +0 dagger.
You scratch the red ugly thing but do no damage.
Your claw misses the red ugly thing.
The red ugly thing is lightly wounded.
The red ugly thing closely misses you.
The orc wizard mumbles some strange words.
The orc wizard flickers and vanishes!
Deactivating autopickup; reactivate with Ctrl-A.
An orc comes into view. It is wielding a +0 dagger.
You claw the red ugly thing!
The red ugly thing is moderately wounded.
The red ugly thing gores you but does no damage.
You scratch the red ugly thing. You headbutt the red ugly thing.
The red ugly thing is heavily wounded.
The red ugly thing gores you.
You are engulfed in flames!
Your icy defences dissipate!
You take 15 damage, and have 74/89 hp.
You claw the red ugly thing!
Your headbutt misses the red ugly thing.
The red ugly thing is heavily wounded.
The red ugly thing gores you but does no damage.
You scratch the red ugly thing but do no damage.
You headbutt the red ugly thing. Your claw misses the red ugly thing.
The red ugly thing is severely wounded.
Something hits you but does no damage. The red ugly thing gores you!
You are engulfed in flames!!
You take 28 damage, and have 46/89 hp.
MASSIVE DAMAGE!!
You closely miss the red ugly thing.
Your headbutt misses the red ugly thing.
The red ugly thing is heavily wounded.
Something hits you. The red ugly thing misses you.
You take 2 damage, and have 44/89 hp.
You closely miss the red ugly thing.
The red ugly thing is heavily wounded.
Something hits you but does no damage.
You scratch the red ugly thing.
Your headbutt misses the red ugly thing.
The red ugly thing is severely wounded.
The red ugly thing gores you.
You are engulfed in flames!!
* * * LOW HITPOINT WARNING * * *
An orc wizard comes into view. It is wielding a staff of conjuration.
Something hits you.
* * * LOW HITPOINT WARNING * * *
You take 26 damage, and have 19/89 hp.
MASSIVE DAMAGE!!
You claw the red ugly thing!
The red ugly thing is almost dead.
The red ugly thing closely misses you. Something hits you but does no damage.
You scratch the red ugly thing.
The red ugly thing is almost dead.
The red ugly thing gores you.
* * * LOW HITPOINT WARNING * * *
You are engulfed in flames!
* * * LOW HITPOINT WARNING * * *
You take 15 damage, and have 4/89 hp.
The flow of time bends around you.
The red ugly thing easily resists.
Cheibriados rebukes something.
You hear some strange, mumbled words.
Something tries to affect you, but you resist.
The red ugly thing gores you.
* * * LOW HITPOINT WARNING * * *
You are engulfed in flames!
You die...

█.....█....█ ███.█.███..█
█...█...█..█ █.█████.█..█ .
...█.....█..█ .███████
█████.█████)†█ █.█.██..
██.....███..█
.....█.█▲███▲█.██...)...██.██
█.█.██.█.....█.█@..█.█...█..█
.....█.███∆███.█u{██.██..█..█
█.█.█..∆..)..∆..o...█....†..█
.....█.███∆███.█..██.██..█..█
█.█.██.█.....█.█...█.█)..█..█
.....█.█▲███∆█.██...)†..██..█
█.█.██.........███.....███..█
.█████████.█████████.█████..█
............................█


You could see a red ugly thing and an orc wizard.

Vanquished Creatures
  A manticore (D:9)
  A komodo dragon (D:8)
  2 trolls (D:9)
  A hornet (D:9)
  13 yaks (D:8)
  5 water moccasins
  A sky beast (D:7)
  A black bear (D:8)
  4 ice beasts
  4 orc warriors (D:9)
  An ogre (D:6)
  2 centaurs (D:9)
  3 elf zombies (Ossuary)
  2 phantoms
  3 kobold brigands
  6 bullfrogs
  A gnoll sergeant (D:9)
  3 scorpions
  9 wights (D:6)
  A burial acolyte (Ossuary)
  7 killer bees (D:9)
  6 howler monkeys
  3 centaur zombies (Ossuary)
  5 hounds
  2 human zombies (Ossuary)
  A jelly (D:5)
  An orc priest (D:6)
  Ijyb (D:3)
  An iguana (D:6)
  6 orc wizards
  A killer bee zombie (Ossuary)
  A bullfrog simulacrum (Ossuary)
  A hound zombie (Ossuary)
  3 mummies (Ossuary)
  5 adders
  A shadow imp (D:4)
  2 white imps
  5 adder zombies (Ossuary)
  A ribbon worm (D:2)
  22 orcs
  7 endoplasms
  A giant cockroach (D:2)
  2 goblins
  10 hobgoblins
  9 kobolds
  6 quokkas
  9 ball pythons
  2 ball python zombies (Ossuary)
  4 bats
  9 frilled lizards
  2 gnoll zombies (Ossuary)
  5 jackal zombies (Ossuary)
  4 kobold zombies (Ossuary)
  An orc zombie (Ossuary)
  4 rats
214 creatures vanquished.

Vanquished Creatures (others)
  An adder zombie (Ossuary)
1 creature vanquished.

Grand Total: 215 creatures vanquished

Notes
Turn   | Place    | Note
-------+----------+-------------------------------------------
     0 | D:5      | Goblin1989 the Demonspawn Delver began the quest for the
                  | Orb.
     0 | D:5      | Reached XP level 1. HP: 18/18 MP: 1/1
    22 | D:4      | Found Edghapar's Armour Boutique.
   226 | D:2      | Discovered your monstrous ancestry.
   226 | D:2      | Gained mutation: You have a pair of small horns on your
                  | head. [demonic ancestry]
   226 | D:2      | Reached XP level 2. HP: 23/24 MP: 2/2
   756 | D:1      | Gained mutation: You have sharp fingernails. [demonic
                  | ancestry]
   756 | D:1      | Reached XP level 3. HP: 29/29 MP: 3/3
   809 | D:1      | Found Zeuwki's Weapon Emporium.
  1174 | D:2      | Gained mutation: A meltable shield of frost defends you.
                  | (SH +0) [demonic ancestry]
  1174 | D:2      | Reached XP level 4. HP: 30/35 MP: 4/4
  1833 | D:3      | Noticed Ijyb
  1920 | D:3      | Killed Ijyb
  1921 | D:3      | Reached skill level 1 in Unarmed Combat
  2040 | D:3      | Found a faded altar of an unknown god.
  2139 | D:3      | Found an opulent altar of Gozag.
  2145 | D:3      | Found an ornate altar of the Wu Jian Council.
  2796 | D:4      | Bought a +1 chain mail of poison resistance for 148 gold
                  | pieces
  3006 | D:4      | Noticed a phantom
  3028 | D:4      | Killed a phantom
  3029 | D:4      | Reached skill level 4 in Fighting
  3029 | D:4      | Reached skill level 1 in Armour
  3029 | D:4      | Gained mutation: You have a pair of horns on your head.
                  | [demonic ancestry]
  3029 | D:4      | Reached XP level 5. HP: 30/42 MP: 5/5
  3113 | D:4      | Gained mutation: You regenerate a little health from kills.
                  | [demonic ancestry]
  3113 | D:4      | Reached XP level 6. HP: 49/49 MP: 6/6
  3124 | D:4      | Found a runed translucent gate.
  3124 | D:4      | Found a runed translucent gate.
  3124 | D:4      | Noticed 7tar4e's ghost (amateur OpFi)
  3125 | D:4      | Found a runed translucent gate.
  3314 | D:4      | Found a sacrificial altar of Ru.
  3343 | D:4      | Found a burning altar of Makhleb.
  3501 | D:4      | Found a broken altar of Ashenzari.
  3713 | D:5      | Noticed an ice beast
  4026 | D:5      | Reached skill level 5 in Fighting
  4026 | D:5      | Gained mutation: You have a pair of large horns on your
                  | head. [demonic ancestry]
  4026 | D:5      | Reached XP level 7. HP: 33/56 MP: 7/7
  4591 | D:5      | Found a blossoming altar of Fedhas.
  4877 | D:6      | Reached skill level 5 in Dodging
  4880 | D:6      | Reached skill level 6 in Fighting
  4880 | D:6      | Gained mutation: You regenerate health from kills. [demonic
                  | ancestry]
  4880 | D:6      | Reached XP level 8. HP: 62/64 MP: 8/8
  5509 | D:6      | Found a radiant altar of Vehumet.
  5519 | D:6      | Reached skill level 7 in Fighting
  5917 | D:7      | Gained mutation: A meltable icy envelope protects you from
                  | harm. (AC +0) [demonic ancestry]
  5917 | D:7      | Reached XP level 9. HP: 52/72 MP: 9/9
  6039 | D:7      | Found a sand-covered staircase.
  6044 | Ossuary  | Entered an ossuary
  6315 | Ossuary  | Reached skill level 8 in Fighting
  6631 | D:7      | Found a staircase to the Ecumenical Temple.
  6649 | Temple   | Entered the Ecumenical Temple
  6686 | Temple   | Became a worshipper of Cheibriados the Contemplative
  6786 | D:7      | Reached skill level 1 in Invocations
  7250 | D:8      | Reached skill level 5 in Unarmed Combat
  7277 | D:8      | Reached XP level 10. HP: 40/82 MP: 12/12
  7480 | D:8      | Reached skill level 5 in Armour
  7504 | D:8      | Reached * piety under Cheibriados
  7518 | D:8      | HP: 3/82 [yak (3)]
  7729 | D:8      | Found a staircase to the Lair.
  8028 | D:8      | Reached skill level 9 in Fighting
  8335 | D:9      | Noticed a two-headed ogre
  8336 | D:9      | Noticed Phaedo's ghost (novice DjFE)
  8338 | D:9      | Noticed a moth of wrath
  8341 | D:9      | Found a transporter.
  8344 | D:9      | Found a transporter.
  8345 | D:9      | Found a bloodstained altar of Trog.
  8404 | D:9      | Reached skill level 5 in Invocations
  8407 | D:9      | Reached ** piety under Cheibriados
  8409 | D:9      | Noticed a tengu warrior
  8596 | D:9      | Noticed a manticore
  8610 | D:9      | Killed a manticore
  8611 | D:9      | Reached XP level 11. HP: 78/89 MP: 14/14
  8644 | D:9      | Noticed a boulder beetle
  8657 | D:9      | Noticed a red ugly thing
  8671 | D:9      | HP: 4/89 [red ugly thing (12)]
  8672 | D:9      | HP: 1/89 [red ugly thing (3)]
  8672 | D:9      | Demolished by a red ugly thing

Illustrated notes

Levels and vault maps discovered:
D:1:      sevenhm_arrival_forest_fort_small_3, layout_basic, serial_shops, shop
D:2:      layout_basic
D:3:      layout_basic, mainiacjoe_overflow_large_starburst,
          basic_ecumenical_altar, uniq_ijyb
D:4:      layout_loops_ring, kennysheep_mini_moat,
          mainiacjoe_overflow_catwalk_spiral, ebering_ghost_rock_garden,
          serial_shops, nicolae_stop_n_shop_1
D:5:      layout_cave_pools, fedhas_altar_fruit_tree,
          kennysheep_decorative_pillar
D:6:      layout_rooms, vehumet_statue
D:7:      layout_basic, minmay_temple_entry_ruins, enter_ossuary_5
D:8:      layout_gridville, due_lair_maze_entry_diamond,
          small_statue_intersection
D:9:      minmay_the_grid_3x3 [minmay_the_grid_slots, minmay_the_grid_paths,
          minmay_the_grid_plusring, minmay_the_grid_spikes,
          minmay_the_grid_doors, minmay_the_grid_mess,
          minmay_the_grid_outer_circle, minmay_the_grid_minigrid_small_alt,
          minmay_the_grid_prize_four_corners_diamond_a], layout_gridville,
          orc_0_dummy, gammafunk_ghost_wrathful_warriors
Temple:   bh_familiar_temple

Skill      XL: |  1  2  3  4  5  6  7  8  9 10 |
---------------+-------------------------------+-----
Maces & Flails | 2 |  2.5
Dodging        | 2 3 4 5 6 7 8 |  8.5
Unarmed Combat | 1 2 3 4 5 7 |  7.9
Fighting       | 4 5 6 7 8 9 |  9.6
Armour         | 1 2 3 4 5 |  5.0
Invocations    | 2 5 |  5.2
Stealth        | |  4.5

Action                     |  1- 3 |  4- 6 |  7- 9 | 10-12 || total
---------------------------+-------+-------+-------+-------++-------
  Melee: Mace              |    91 |   231 |    52 |       ||   374
         Headbutt          |    14 |    33 |   122 |    47 ||   216
         Punch             |       |     1 |    13 |    15 ||    29
         Unarmed           |       |       |   423 |   211 ||   634
  Throw: Dart              |       |     3 |       |       ||     3
 Invoke: Bend Time         |       |       |       |     1 ||     1
  Evoke: Wand              |       |       |     1 |       ||     1
    Use: Potion            |       |     4 |     4 |     1 ||     9
         Scroll            |       |     1 |     1 |       ||     2
   Stab: Sleeping          |     6 |     1 |       |       ||     7
 Armour: Leather armour    |    21 |       |       |       ||    21
         Scale mail        |    34 |    78 |       |       ||   112
         Chain mail        |       |   171 |   310 |   169 ||   650
         Skin              |       |       |     9 |       ||     9
  Dodge: Dodged            |    59 |   116 |   186 |   129 ||   490
  Block: Other             |       |    50 |    68 |    35 ||   153
